 Dungeon Crawl Stone Soup version 0.22-a0-815-gb582571 (webtiles) character file.

44 Amnesiac the Digger (level 3, -1/24 HPs)
             Began as a Mummy Earth Elementalist on July 23, 2018.
             Killed by divine providence
             ... invoked by an orc priest
              (12 damage)
             ... on level 3 of the Dungeon.
             The game lasted 00:02:22 (948 turns).

Amnesiac the Digger (Mummy Earth Elementalist)       Turns: 948, Time: 00:02:23

Health: -1/24      AC:  3    Str: 11    XL:     3   Next: 41%
Magic:  3/7        EV: 12    Int: 15    God:
Gold:   12         SH:  0    Dex: 12    Spells: 5/8 levels left

rFire    x . .     SeeInvis .   a - +1 dagger (venom)
rCold    + . .     Gourm    .   (no shield)
rNeg     + + +     Faith    .   c - +0 robe
rPois    ∞         Spirit   .   d - +0 helmet
rElec    .         Reflect  .   (no cloak)
rCorr    .         Harm     .   (no gloves)
MR       .....                  (no boots)
Stlth    ++........             (no amulet)
HPRegen  0.08/turn              (no ring)
MPRegen  0.10/turn              (no ring)

@: very slightly contaminated
A: no food or potions, fire vulnerability, cold resistance 1, negative energy
resistance 3, torment resistance, unbreathing
a: no special abilities


You were on level 3 of the Dungeon.
You were not hungry.

You visited 1 branch of the dungeon, and saw 3 of its levels.

You collected 12 gold pieces.

Inventory:

Hand Weapons
 a - a +1 dagger of venom (weapon)
 b - a +2 hunting sling of velocity
Missiles
 f - 16 stones (quivered)
Armour
 c - a +0 robe (worn)
 d - a +0 helmet (worn)
 g - a +0 ring mail of magic resistance
Wands
 e - a wand of random effects (32)


   Skills:
 - Level 1.5 Dodging
 - Level 1.5 Stealth
 + Level 3.4 Spellcasting
 - Level 0.7 Transmutations
 * Level 3.4 Earth Magic


You had 5 spell levels left.
You knew the following spells:

 Your Spells              Type           Power        Failure   Level  Hunger
a - Sandblast             Erth           ##....       4%          1    N/A
b - Passwall              Tmut/Erth      #.......     12%         2    N/A

Your spell library contained the following spells:

 Spells                   Type           Power        Failure   Level  Hunger
 Stone Arrow              Conj/Erth      #.....       28%         3    N/A
 Lee's Rapid Deconstruct  Erth           ##........   78%         5    N/A
 Petrify                  Tmut/Erth      #.......     63%         4    N/A

Dungeon Overview and Level Annotations

Branches:
Dungeon (3/15)

Altars:


Innate Abilities, Weirdness & Mutations

You do not eat or drink.
Your flesh is vulnerable to fire.
You are immune to poison.
Your flesh is cold resistant. (rC+)
You are immune to negative energy. (rN+++)
You are immune to unholy pain and torment.
You can survive without breathing.


Message History

Your +1 dagger of venom stops dripping with poison.
b - a +2 hunting sling of velocity (weapon)
Quiver which item? (- for none, * to show all) (? for menu, Esc to quit)
Okay, then.
Your +1 dagger of venom begins to drip with poison!
a - a +1 dagger of venom (weapon)
You hit the leopard gecko.
The leopard gecko is poisoned.
The leopard gecko is almost dead.
You kill the leopard gecko!
The hobgoblin hits you with a club.
You hit the hobgoblin.
The hobgoblin is almost dead.
The hobgoblin closely misses you.
You hit the hobgoblin but do no damage.
The hobgoblin is poisoned.
The hobgoblin is almost dead.
The hobgoblin barely misses you.
You hit the hobgoblin.
You kill the hobgoblin!
You now have 12 gold pieces.
Things that are here:
a club; a hobgoblin corpse; a leopard gecko corpse An orc comes into view.
It is wielding a trident.
An orc is nearby!
An orc priest comes into view. It is wielding a short sword.
The orc priest moves out of view.
You see here 11 poisoned needles.
You start waiting.
Done waiting.
There is a stone staircase leading up here.
You climb upwards.
There is a stone staircase leading down here.
You climb downwards.
There is a stone staircase leading up here.
A leopard gecko skeleton comes into view.
A leopard gecko skeleton is nearby!
The orc shouts!
The orc priest shouts!
You hear a shout! x2
A frilled lizard comes into view.
A rat comes into view.
Casting: Sandblast (safe; 4% risk of failure)
Confirm with . or Enter, or press ? or * to list all spells.
Aiming: Passwall (safe; 12% risk of failure)
Press: ? - help, Dir - move target cursor A rock wall.
You miscast Passwall.
You are very lightly contaminated with residual magic.
You feel gritty.
Unknown command.
Casting: Passwall (safe; 12% risk of failure)
Confirm with . or Enter, or press ? or * to list all spells.
Aiming: Passwall (safe; 12% risk of failure)
Press: ? - help, Dir - move target cursor A rock wall.
The leopard gecko skeleton misses you.
You begin to meditate on the wall.
You continue meditating on the rock.
The orc priest invokes the aid of Beogh against you.
Beogh smites you!
Ouch! That really hurt!
* * * LOW HITPOINT WARNING * * *
The leopard gecko skeleton barely misses you.
You continue meditating on the rock.
The orc priest calls down the wrath of Beogh upon you.
Beogh smites you!
Ouch! That really hurt!
You die...

#.######### #.....@Zoo#
#########.####
#....<....o.# .#
#.####...##o# .#
#.####...##.# ..##
######.##.r...##.# .....
#......##.#..###Z#####....#
#.........#..###....Z....l.
#......#.....(...o...o.....


You could see an orc priest, an orc and a leopard gecko skeleton.

Vanquished Creatures
  Robin (D:2)
  An adder (D:2)
  A leopard gecko (D:3)
  An orc (D:3)
  A giant cockroach (D:2)
  10 goblins
  2 hobgoblins
  A quokka (D:2)
  A ball python (D:2)
  A kobold (D:1)
  A rat (D:3)
21 creatures vanquished.

Notes
Turn   | Place    | Note
-------+----------+-------------------------------------------
     0 | D:1      | Amnesiac the Mummy Earth Elementalist began the quest for the Orb.
     0 | D:1      | Reached XP level 1. HP: 13/13 MP: 4/4
    48 | D:2      | Reached XP level 2. HP: 8/19 MP: 0/5
   324 | D:2      | Learned a level 2 spell: Passwall
   325 | D:3      | Noticed Robin
   401 | D:2      | Killed Robin
   401 | D:2      | Reached XP level 3. HP: 4/24 MP: 1/7
   948 | D:3      | Killed from afar by an orc priest

Vault maps used:
D:1:      minmay_arrival_plants_in_alcoves, minmay_misc_feat_room,
          minmay_hexomino_f4
D:2:      uniq_crazy_yiuf_cottage
D:3:      grunt_temple_overflow_order_and_chaos_1, old_standard_altar,
          uniq_natasha, uniq_ijyb, uniq_robin, uniq_terence

Skill      XL: |  1  2 |
---------------+-------+-----
Earth Magic    | 3 |  3.4
Spellcasting   | 3 |  3.4
Dodging        | |  1.5
Stealth        | |  1.5
Transmutations | |  0.7

Action                   || total
-------------------------++-------
Melee: Whip              ||     7
       Short sword       ||     4
       Dagger            ||     8
 Cast: Sandblast         ||    23
       Passwall          ||     1
 Stab: Sleeping          ||     1
Armor: Robe              ||     8
Dodge: Dodged            ||    34

Table legend:
 A = Spawn XP
 B = Non-spawn XP
 C = Spawn XP percentage of total XP
 D = Spawn monster count
 E = Non-spawn monster count
 F = Spawn count percentage of total count
 G = Total turns spent on level
                    A         B        C        D         E        F      G
               +---------+---------+-------+---------+---------+-------+---------
         Total |       0 |      64 |   0.0 |       0 |      21 |   0.0 |   948
               +---------+---------+-------+---------+---------+-------+---------
           D:1 |       0 |       1 |   0.0 |       0 |       1 |   0.0 |    85
           D:2 |       0 |      47 |   0.0 |       0 |      12 |   0.0 |   633
           D:3 |       0 |      16 |   0.0 |       0 |       8 |   0.0 |   230
               +---------+---------+-------+---------+---------+-------+---------
